 Seeded DCSS version 0.29.1-15-g9cfb28693d (webtiles) character file.

Game seed: 6430187213577238638 (custom seed)

123 valliere the Trooper (level 5, 57/57 HPs)
             Began as an Ogre Monk on May 8, 2023.
             Quit the game on level 2 of the Dungeon.
             The game lasted 00:03:38 (3282 turns).

valliere the Trooper (Ogre Monk)                    Turns: 3282, Time: 00:03:39

Health: 57/57      AC:  3    Str: 17    XL:     5   Next: 7%
Magic:  6/6        EV: 10    Int: 11    God:
Gold:   82         SH:  0    Dex: 11    Spells: 4/4 levels left

rFire   . . .      SeeInvis .   a - +0 mace
rCold   . . .      Faith    .   (no shield)
rNeg    . . .      Spirit   .   b - +0 robe
rPois   .          Reflect  .   (helmet restricted)
rElec   .          Harm     .   (no cloak)
rCorr   .          Rampage  .   (gloves unavailable)
Will    .....                   (boots unavailable)
Stlth   ++........              (no amulet)
HPRegen 0.19/turn               (no ring)
MPRegen 0.10/turn               (no ring)

@: no status effects
A: large, unfitting armour, tough skin 1
a: no special abilities


You were on level 2 of the Dungeon.
You visited 1 branch of the dungeon, and saw 2 of its levels.

You collected 82 gold pieces.

Inventory:

Hand Weapons
 a - a +0 mace (weapon)
Armour
 b - a +0 robe (worn)
Jewellery
 j - a ring of fire
 o - a ring of wizardry
Scrolls
 e - 2 scrolls of teleportation {unknown}
 f - a scroll of identify {unknown}
 g - 2 scrolls of enchant armour {unknown}
 l - a scroll of poison {unknown}
 m - a scroll of immolation {unknown}
Potions
 c - a potion of ambrosia
 d - a potion of lignification {unknown}
 h - a potion of magic {unknown}
 i - a potion of brilliance {unknown}
 k - 2 potions of curing {unknown}
 n - a potion of berserk rage {unknown}


   Skills:
 * Level 5.3 Fighting
 + Level 3.2 Maces & Flails
 * Level 2.0 Armour
 - Level 2.7 Dodging
 - Level 1.4 Stealth
 + Level 1.6 Invocations


You had 4 spell levels left.
You didn't know any spells.
Your spell library contained the following spells:

 Spells                   Type           Power      Damage    Failure   Level
 Summon Small Mammal      Summ           0%         N/A       34%         1
 Call Canine Familiar     Summ           0%         N/A       71%         3
 Conjure Flame            Conj/Fire      0%         6-21      71%         3
 Ignite Poison            Fire/Tmut/Pois 0%         N/A       71%         3
 Summon Guardian Golem    Hex/Summ       0%         N/A       71%         3
 Sticky Flame             Conj/Fire      0%         2d3       98%         4


Dungeon Overview and Level Annotations

Branches:
Dungeon (2/15)

Altars:

Shops:
D:1 [*[:[


Innate Abilities, Weirdness & Mutations

You are too large for most types of armour.
You have tough skin. (AC +1)


Message History

The adder is severely wounded.
The adder barely misses you. The adder bites you.
You are poisoned.
The adder poisons you!
You closely miss the adder.
The adder is severely wounded.
You feel sick. The adder bites you.
You are more poisoned.
The adder poisons you!
You miss the adder.
The adder is severely wounded.
You feel very sick. The adder bites you but does no damage.
The adder barely misses you.
You closely miss the adder.
The adder is heavily wounded.
You feel sick. The adder misses you. The adder closely misses you.
You closely miss the adder.
The adder is heavily wounded.
You feel sick. The adder bites you but does no damage.
You hit the adder.
You kill the adder!
You feel sick.
Your Armour skill increases to level 2!
You have reached level 5!
You feel sick.
You feel sick.
You feel sick.
You feel sick.
You are no longer poisoned.
You now have 82 gold pieces (gained 6).
There is a stone staircase leading up here.
There is a stone staircase leading down here.
A rat comes into view.
Found an escape hatch in the ceiling.
The rat barely misses you.
You hit the rat.
You kill the rat!
No target in view!
A kobold comes into view. It is wielding a +0 whip.
Are you sure you want to abandon this character and quit the game? (Confirm with "yes".)

############
...........####
...<...@......#
K.########.##.##########
#.##.#.........
#.##.#.########
#..########.##..>....#
#................###.#
.#####†.##.###### #.#
#.#####(.##.# ##.####
#...........# #......


You could see a kobold (asleep).

Vanquished Creatures
  5 adders (D:2)
  An ufetubus (D:2)
  2 worms (D:2)
  2 dart slugs
  9 bats
  7 endoplasms
  A giant cockroach (D:2)
  6 goblins (D:2)
  6 hobgoblins
  3 jackals (D:1)
  6 kobolds
  A quokka (D:2)
  5 ball pythons (D:1)
  4 frilled lizards
  6 rats
64 creatures vanquished.

Notes
Turn   | Place    | Note
-------+----------+-------------------------------------------
     0 | D:1      | valliere the Ogre Monk began the quest for the Orb.
     0 | D:1      | Reached XP level 1. HP: 24/24 MP: 1/1
    47 | D:1      | Found Zofulagg's Antique Armour Shoppe.
   118 | D:1      | Found Esa Uhall's Assorted Antiques.
   191 | D:1      | Reached XP level 2. HP: 30/32 MP: 2/2
   263 | D:1      | Found Esaun's Armour Shop.
   550 | D:1      | Reached skill level 1 in Armour
   554 | D:1      | Reached XP level 3. HP: 16/40 MP: 3/3
   760 | D:1      | Found a faded altar of an unknown god.
   856 | D:1      | Found Cawnuorchu's Book Shop.
  1289 | D:1      | Found Kuudufery's Armour Shop.
  1435 | D:2      | Reached skill level 1 in Invocations
  2001 | D:2      | Reached XP level 4. HP: 37/49 MP: 4/4
  2167 | D:2      | Reached skill level 5 in Fighting
  3071 | D:2      | Reached XP level 5. HP: 36/57 MP: 6/6
  3282 | D:2      | Quit the game

Illustrated notes

Levels and vault maps discovered:
D:1:      lemuel_arrival_muddy, layout_basic,
          ebering_ecumenical_altar_sacrificial, serial_shops,
          nicolae_shop_hallway_plus, shop_statue, nicolae_shop_hallway_plus,
          nicolae_square_shop, shop
D:2:      layout_loops_ring, minmay_divided_ellipse

Skill      XL: |  1  2  3  4 |
---------------+-------------+-----
Armour         | 1 2 |  2.0
Invocations    | 1 |  1.6
Maces & Flails | 3 |  3.2
Fighting       | 5 |  5.3
Dodging        | |  2.7
Stealth        | |  1.4

Action                   |  1- 3 |  4- 6 || total
-------------------------+-------+-------++-------
Melee: Mace              |   138 |    86 ||   224
       Punch             |     1 |       ||     1
 Stab: Sleeping          |     4 |       ||     4
Armor: Robe              |    46 |    21 ||    67
Dodge: Dodged            |    92 |    60 ||   152
